Map: Mech Depot LE

Players

Rogue

  • Race: Zerg Zerg
  • Spawn Location: 7:00

Neeb - Winner!

  • Race: Protoss Protoss
  • Spawn Location: 1:00

Event: 2017 WCS Global Finals

VOD

Have the link to the VOD?

Description

Time

  • Played on: Oct. 27, 2017, 4:21 p.m.
  • Length: 53:01

All games in this series

Show
View Real Time Build Order
Export as new Build Order

Rogue Zerg 

Build Orders: Hatch First 

Get SALT Encoding   

  12  0:00  Drone  
  13  0:12  Overlord  
  13  0:16  Drone  
  14  0:30  Drone x2  
  14  0:34  Drone  
  17  0:52  Hatchery  
  17  0:54  Drone  
  17  0:57  Drone  
  18  1:07  Extractor  
  17  1:11  Spawning Pool  
  17  1:14  Drone  
  17  1:18  Drone  
  18  1:28  Drone  
  19  1:38  Overlord  
  19  1:49  Drone  
  20  1:57  Queen  
  20  2:00  Zergling x2  
  23  2:03  Queen  
  23  2:04  Zergling x2  
  23  2:06  Metabolic Boost  
  26  2:11  Drone  
  26  2:15  Drone  
  28  2:21  Drone  
  29  2:28  Drone  
  30  2:32  Drone  
  31  2:42  Hatchery  
  30  2:45  Pneumatized Carapace  
  30  2:47  Drone  
  30  2:48  Drone  
  30  2:51  Drone  
  33  2:55  Overlord  
  33  3:01  Zergling x2  
  34  3:06  Zergling x2  
  34  3:11  Drone  
  36  3:16  Zergling x2  
  36  3:17  Drone x5  
  42  3:24  Overlord  
  42  3:26  Drone  
  43  3:38  Drone  
  43  3:40  Drone  
  43  3:44  Spore Crawler  
  43  3:45  Spore Crawler, Queen x2  
  43  3:48  Drone x2  
  47  3:53  Zergling x4  
  48  3:58  Zergling x4  
  50  4:02  Evolution Chamber  
  50  4:03  Drone  
  50  4:06  Zergling x4  
  52  4:10  Drone  
  52  4:15  Drone x2  
  55  4:17  Queen  
  55  4:18  Overlord  
  55  4:22  Drone x2  
  57  4:28  Spore Crawler  
  57  4:29  Overlord, Drone  
  57  4:34  Overlord  
  57  4:38  Zergling x8  
  60  4:41  Zerg Melee Weapons Level 1  
  60  4:44  Drone x2  
  63  4:46  Drone  
  63  4:48  Drone  
  62  4:54  Drone x2  
  62  4:55  Zergling x4  
  62  4:56  Zergling x2  
  62  4:57  Drone  
  67  5:04  Drone x4  
  67  5:06  Zergling x4  
  73  5:10  Overlord, Drone  
  74  5:19  Drone x3  
  75  5:26  Spore Crawler  
  75  5:28  Drone x2  
  70  5:29  Drone  
  70  5:32  Lair  
  70  5:35  Queen  
  71  5:38  Drone  
  71  5:42  Drone x4  
  75  5:43  Zergling x2  
  75  5:44  Zergling x8  
  75  5:46  Queen  
  75  5:49  Overlord  
  82  5:52  Drone  
  82  5:54  Drone  
  83  5:58  Extractor x2  
  83  6:01  Extractor, Spore Crawler, Drone x2  
  83  6:03  Spore Crawler  
  80  6:05  Drone x4  
  80  6:08  Overlord  
  80  6:11  Overlord  
  84  6:12  Drone x4  
  84  6:16  Extractor x2, Queen  
  84  6:18  Overlord  
  88  6:23  Drone x2  
  88  6:24  Spore Crawler, Drone  
  90  6:25  Spore Crawler  
  90  6:31  Zergling x4  
  90  6:32  Drone  
  92  6:34  Hydralisk Den, Drone  
  92  6:36  Queen  
  92  6:38  Drone x2  
  95  6:41  Drone x2  
  95  6:44  Drone x2  
  99  6:51  Zergling x6  
  99  6:52  Zergling x6  
  105  6:57  Overlord  
  105  6:59  Drone, Hatchery  
  105  7:07  Drone x3  
  108  7:09  Overlord  
  108  7:12  Burrow  
  108  7:15  Zerg Missile Weapons Level 1, Muscular Augments  
  107  7:17  Hatchery  
  107  7:19  Infestation Pit  
  107  7:20  Zergling x6  
  107  7:22  Overlord  
  105  7:38  Hydralisk x8  
  105  7:41  Overlord  
  120  7:51  Hatchery  
  120  7:54  Hydralisk x3  
  122  8:06  Drone x4  
  122  8:10  Overseer  
  122  8:12  Drone x4  
  130  8:13  Drone  
  130  8:18  Overlord  
  131  8:24  Drone x3  
  131  8:25  Drone  
  135  8:29  Infestor x4  
  135  8:33  Overlord  
  143  8:41  Drone x3  
  145  8:42  Extractor, Drone x2  
  145  8:44  Extractor  
  145  8:47  Hydralisk x3  
  152  8:51  Baneling Nest  
  152  8:54  Hydralisk x4  
  159  8:58  Hatchery  
  158  9:03  Hydralisk  
  158  9:04  Hydralisk x4  
  158  9:09  Infestor  
  166  9:10  Infestor x2  
  166  9:13  Drone x2  
  166  9:15  Spore Crawler  
  166  9:16  Zergling x8  
  177  9:19  Overlord  
  177  9:26  Hive  
  177  9:27  Zerg Melee Weapons Level 2, Queen  
  178  9:31  Evolution Chamber  
  178  9:35  Centrifical Hooks  
  178  9:36  Hydralisk x2  
  178  9:38  Overlord  
  181  9:41  Overlord  
  181  9:45  Spore Crawler  
  180  9:48  Spore Crawler  
  180  9:50  Overlord  
  179  9:58  Zergling x2  
  179  9:59  Zergling x30  
  194  10:05  Zerg Ground Armor Level 1  
  192  10:11  Zergling x16  
  198  10:14  Overseer  
  198  10:16  Overseer  
  198  10:18  Overseer  
  192  10:32  Zergling x14  
  192  10:33  Spire  
  198  10:37  Baneling x6  
  198  10:38  Baneling x5  
  198  10:43  Adrenal Glands  
  198  10:46  Ultralisk Cavern  
  197  10:50  Zergling x4  
  197  10:52  Baneling x3  
  197  10:56  Spore Crawler  
  193  10:57  Spore Crawler  
  193  10:58  Spore Crawler  
  193  11:04  Zergling x18  
  195  11:05  Spore Crawler  
  195  11:07  Drone  
  195  11:10  Spore Crawler  
  194  11:20  Spore Crawler  
  194  11:22  Zergling x12  
  194  11:36  Chitinous Plating  
  192  11:40  Ultralisk x2  
  197  11:52  Zergling x2  
  197  11:53  Zergling x2  
  199  11:58  Overlord  
  198  12:04  Overlord  
  196  12:10  Zerg Ground Armor Level 2, Zerg Melee Weapons Level 3  
  196  12:12  Greater Spire  
  196  12:13  Overlord  
  195  12:19  Spore Crawler x2  
  195  12:20  Spore Crawler  
  195  12:21  Spore Crawler  
  195  12:22  Spore Crawler  
  188  12:26  Ultralisk x2  
  198  12:31  Overseer x5  
  198  12:32  Drone  
  199  12:37  Spine Crawler  
  199  12:39  Spine Crawler  
  199  12:40  Spine Crawler  
  189  12:48  Zergling x2  
  189  12:49  Zergling x28  
  200  13:10  Spire  
  200  13:11  Pathogen Glands  
  198  13:13  Zergling x2  
  198  13:14  Baneling  
  198  13:15  Baneling x6  
  193  13:22  Zergling x6  
  188  13:29  Zergling x18  
  188  13:30  Zergling x6  
  200  13:36  Queen  
  200  13:40  Zerg Flyer Weapons Level 1  
  198  13:44  Drone x2  
  195  13:55  Drone x2  
  195  13:56  Drone x3  
  195  14:00  Spore Crawler x2  
  195  14:02  Spore Crawler x2  
  195  14:03  Spore Crawler  
  195  14:08  Neural Parasite  
  194  14:14  Baneling x2  
  194  14:15  Drone x8  
  199  14:20  Spore Crawler  
  199  14:21  Spore Crawler  
  199  14:22  Spore Crawler  
  196  14:24  Hatchery  
  196  14:25  Baneling x8  
  194  14:32  Zergling x2  
  194  14:42  Zergling x4  
  194  14:43  Drone, Zergling x12  
  198  14:47  Zerg Ground Armor Level 3  
  196  14:53  Drone  
  196  14:54  Drone x2  
  196  14:59  Drone x6, Hatchery  
  198  15:00  Drone  
  197  15:08  Spore Crawler x2  
  195  15:14  Spore Crawler  
  195  15:15  Zerg Flyer Armor Level 1  
  195  15:16  Spore Crawler x3, Drone x5  
  195  15:17  Spore Crawler x2  
  195  15:18  Spore Crawler  
  193  15:21  Zergling x6  
  197  15:28  Drone x3  
  199  15:48  Baneling  
  199  16:01  Queen  
  197  16:05  Zergling x4  
  197  16:06  Zergling x2  
  197  16:10  Spine Crawler x2  
  197  16:11  Spine Crawler x2  
  196  16:32  Drone x5  
  200  16:38  Zerg Missile Weapons Level 2  
  200  16:46  Hatchery  
  199  16:48  Drone  
  199  16:51  Spore Crawler, Baneling x2  
  199  16:52  Spore Crawler  
  199  16:53  Spore Crawler  
  197  17:00  Zergling x14  
  189  17:05  Zergling x2  
  189  17:06  Zergling x20  
  199  17:09  Zerg Flyer Weapons Level 2  
  183  17:16  Corruptor x8  
  183  17:22  Baneling x7  
  199  17:23  Baneling x5  
  199  17:41  Spore Crawler  
  192  17:55  Infestor x3  
  198  18:04  Drone  
  194  18:16  Baneling  
  187  18:22  Drone  
  187  18:27  Corruptor x6  
  197  18:42  Drone x2  
  199  18:53  Spore Crawler x2, Baneling x5  
  199  18:55  Spore Crawler x2  
  196  18:56  Zerg Flyer Armor Level 2  
  196  18:57  Spore Crawler x2  
  196  18:58  Spore Crawler  
  196  18:59  Spore Crawler  
  191  19:05  Hydralisk  
  181  19:18  Brood Lord x6, Viper x3  
  181  19:22  Drone  
  198  19:33  Drone  
  199  19:44  Zerg Flyer Weapons Level 3  
  197  19:48  Spine Crawler  
  197  19:49  Spine Crawler x3  
  193  19:59  Corruptor  
  192  20:00  Corruptor x3  
  200  20:09  Spore Crawler x4  
  200  20:10  Spore Crawler  
  200  20:11  Spore Crawler  
  200  20:12  Spore Crawler  
  200  20:13  Spore Crawler  
  192  20:14  Spore Crawler x2  
  192  20:16  Overseer x4  
  192  20:21  Corruptor x5  
  197  20:35  Infestor x3  
  197  20:53  Corruptor x2  
  199  21:18  Zergling x2  
  199  21:20  Zergling x2  
  199  21:23  Zergling x2  
  200  21:26  Extractor  
  200  21:28  Spine Crawler, Extractor  
  200  21:29  Extractor  
  200  21:30  Spine Crawler, Drone, Extractor  
  187  21:42  Zergling x30  
  199  21:48  Drone  
  199  21:49  Drone  
  199  21:54  Drone x5  
  184  22:23  Viper x2  
  184  22:29  Zergling x14  
  197  22:31  Hydralisk, Drone x2  
  197  22:32  Extractor x2  
  197  22:36  Zergling x2  
  197  22:37  Zergling x4  
  200  22:40  Drone x2  
  200  22:42  Hydralisk x3  
  195  22:48  Spine Crawler  
  195  22:50  Drone x5  
  193  22:52  Drone  
  193  22:54  Spore Crawler  
  193  22:56  Spore Crawler  
  193  22:57  Spore Crawler  
  189  23:12  Ultralisk  
  189  23:13  Ultralisk  
  189  23:15  Spine Crawler x2  
  189  23:16  Spine Crawler x2  
  180  23:23  Spine Crawler  
  180  23:26  Drone x6  
  185  23:28  Spore Crawler x2  
  185  23:30  Ultralisk x3, Spore Crawler x2  
  185  23:33  Overseer x3  
  195  23:54  Drone x6  
  195  23:55  Drone  
  190  24:07  Drone x4  
  193  24:11  Drone  
  194  24:19  Zergling x14  
  195  24:27  Drone x3  
  198  24:31  Drone x3  
  198  24:33  Spine Crawler  
  192  25:01  Ultralisk  
  192  25:04  Zergling x4  
  194  25:11  Infestor x4  
  194  25:13  Overlord  
  164  25:33  Corruptor x6  
  176  25:39  Zergling x2  
  176  25:40  Zergling x4  
  179  25:43  Zergling x2  
  179  25:49  Infestor x6  
  188  25:50  Overlord  
  188  25:55  Hatchery  
  189  26:05  Overlord  
  189  26:15  Ultralisk  
  189  26:16  Extractor  
  189  26:18  Extractor  
  192  26:30  Zergling x2  
  192  26:31  Zergling x28  
  192  26:40  Zerg Flyer Armor Level 3  
  191  27:00  Infestor x2  
  194  27:05  Zergling x12  
  198  27:25  Zergling x2  
  199  27:43  Hatchery  
  197  28:23  Extractor  
  190  28:33  Ultralisk x2  
  194  29:00  Overlord  
  194  29:02  Hatchery  
  193  29:22  Overlord  
  190  29:36  Ultralisk x2  
  191  30:00  Infestor x4  
  191  30:06  Extractor  
  198  30:09  Extractor  
  197  30:26  Zergling x4  
  199  30:29  Overseer  
  199  30:51  Overlord  
  194  31:02  Overlord  
  192  31:10  Overlord  
  192  31:20  Corruptor  
  194  31:34  Spore Crawler  
  194  31:35  Spore Crawler  
  194  31:36  Spore Crawler  
  191  31:46  Brood Lord x4  
  199  32:13  Ultralisk x2  
  199  32:54  Overlord  
  181  33:07  Queen x4  
  181  33:08  Hatchery  
  181  33:10  Ultralisk x2  
  184  33:28  Ultralisk x2  
  196  33:41  Overlord  
  193  34:36  Zergling x14  
  200  35:00  Spore Crawler  
  200  35:01  Spore Crawler  
  200  35:02  Spore Crawler  
  200  35:03  Spore Crawler  
  196  35:09  Spore Crawler  
  195  35:20  Corruptor x2  
  199  35:32  Overlord  
  194  35:55  Overlord x2  
  187  36:24  Corruptor x6  
  191  37:08  Zergling x4  
  191  37:09  Zergling x14  
  200  37:21  Overlord  
  200  37:44  Spore Crawler  
  200  37:46  Spore Crawler  
  200  37:47  Spore Crawler x2  
  200  37:48  Spore Crawler  
  200  37:50  Spore Crawler  
  194  38:23  Viper x2  
  198  39:50  Zergling x2  
  194  40:03  Infestation Pit  
  193  40:22  Hatchery  
  192  40:32  Drone x7  
  199  40:53  Drone  
  189  42:08  Viper  
  192  42:27  Infestor x4  
  200  42:32  Extractor  
  199  42:54  Zergling x2  
  198  43:13  Infestor  
  198  43:56  Drone x2  
  198  43:57  Spore Crawler  
  198  43:58  Drone  
  198  44:01  Spore Crawler x3  
  198  44:02  Drone x3  
  200  44:18  Extractor, Spore Crawler  
  200  44:20  Spore Crawler  
  197  44:26  Drone x3  
  200  45:21  Spore Crawler  
  199  46:58  Overlord  
  199  47:12  Overlord  
  191  47:37  Ultralisk  
  193  47:45  Infestation Pit  
  193  47:46  Spire  
  193  47:49  Drone  
  193  47:50  Ultralisk Cavern  
  193  47:51  Infestor x4  
  199  48:17  Overlord  
  198  48:46  Overlord  
  193  49:32  Overlord  
  192  49:48  Overlord  
  192  49:52  Infestor x4  
  195  50:27  Corruptor x2  
  195  50:28  Corruptor x2  
  198  50:42  Ultralisk x3  
  194  51:14  Corruptor x3  
  200  51:22  Overlord  
  200  51:53  Hatchery  
Show
View Real Time Build Order
Export as new Build Order

Neeb Protoss - Winner!

Build Orders: 1 Gate Expand, Oracle Opening, Carriers 

Get SALT Encoding   

  12  0:00  Probe (Chrono Boost)  
  13  0:11  Probe (Chrono Boost)  
  14  0:18  Pylon  
  14  0:22  Probe (Chrono Boost)  
  14  0:27  Assimilator  
  15  0:36  Probe (Chrono Boost)  
  16  0:43  Gateway  
  16  0:47  Probe (Chrono Boost)  
  17  0:57  Probe (Chrono Boost)  
  18  1:08  Probe (Chrono Boost)  
  20  1:18  Probe (Chrono Boost)  
  20  1:23  Nexus  
  20  1:32  Cybernetics Core  
  20  1:36  Probe (Chrono Boost)  
  21  1:41  Assimilator  
  22  1:47  Probe (Chrono Boost)  
  22  1:50  Pylon  
  22  1:57  Probe (Chrono Boost)  
  23  2:08  Adept (Chrono Boost), Probe (Chrono Boost)  
  26  2:09  Warp Gate  
  26  2:16  Gateway  
  26  2:20  Probe  
  27  2:29  Stargate  
  27  2:33  Probe x2  
  29  2:41  Adept (Chrono Boost)  
  31  2:44  Probe  
  31  2:45  Probe  
  33  2:55  Probe  
  33  2:57  Probe  
  35  3:04  Pylon  
  35  3:05  Adept (Chrono Boost)  
  37  3:07  Adept (Chrono Boost)  
  37  3:10  Probe (Chrono Boost)  
  37  3:11  Probe (Chrono Boost)  
  41  3:13  Oracle  
  44  3:21  Probe (Chrono Boost)  
  44  3:25  Probe (Chrono Boost)  
  46  3:29  Pylon  
  46  3:31  Probe (Chrono Boost)  
  46  3:32  Adept  
  49  3:36  Adept  
  51  3:43  Probe (Chrono Boost)  
  51  3:44  Probe (Chrono Boost)  
  53  3:51  Oracle  
  53  3:52  Pylon  
  53  3:54  Probe (Chrono Boost)  
  55  3:56  Probe (Chrono Boost)  
  58  4:04  Probe (Chrono Boost)  
  58  4:08  Probe (Chrono Boost), Pylon  
  59  4:15  Probe (Chrono Boost)  
  60  4:20  Probe (Chrono Boost)  
  61  4:25  Probe (Chrono Boost)  
  61  4:26  Adept x2  
  61  4:29  Nexus  
  66  4:31  Assimilator  
  66  4:33  Assimilator, Pylon  
  66  4:36  Mothership Core (Chrono Boost)  
  69  4:39  Probe (Chrono Boost)  
  69  4:43  Pylon  
  67  4:51  Probe (Chrono Boost)  
  64  4:55  Probe (Chrono Boost)  
  65  5:03  Probe (Chrono Boost)  
  65  5:05  Stargate  
  65  5:06  Probe (Chrono Boost), Stargate  
  68  5:15  Probe (Chrono Boost)  
  68  5:16  Probe (Chrono Boost)  
  69  5:25  Oracle (Chrono Boost)  
  69  5:27  Probe x2 (Chrono Boost)  
  70  5:34  Assimilator  
  64  5:37  Assimilator, Probe (Chrono Boost)  
  64  5:39  Probe (Chrono Boost)  
  64  5:41  Probe (Chrono Boost)  
  64  5:42  Adept x2, Pylon  
  71  5:48  Probe (Chrono Boost)  
  71  5:49  Pylon  
  73  5:50  Probe x2 (Chrono Boost)  
  73  5:51  Oracle x2 (Chrono Boost)  
  80  5:59  Probe  
  80  6:01  Probe  
  80  6:02  Oracle (Chrono Boost), Probe  
  86  6:09  Pylon  
  86  6:11  Probe, Pylon  
  86  6:12  Forge  
  86  6:13  Forge, Probe  
  86  6:14  Probe  
  86  6:16  Zealot  
  91  6:18  Zealot  
  91  6:23  Probe  
  97  6:26  Oracle (Chrono Boost)  
  97  6:27  Oracle (Chrono Boost)  
  97  6:29  Pylon  
  97  6:30  Probe  
  101  6:34  Twilight Council  
  101  6:36  Pylon  
  101  6:40  Oracle (Chrono Boost)  
  101  6:43  Zealot  
  101  6:45  Probe x3  
  107  6:52  Gateway  
  107  6:53  Gateway  
  107  6:57  Probe  
  107  6:59  Oracle (Chrono Boost)  
  111  7:03  Protoss Ground Weapons Level 1 (Chrono Boost)  
  111  7:09  Sentry x2  
  111  7:12  Protoss Ground Armor Level 1 (Chrono Boost)  
  112  7:16  Pylon  
  112  7:21  Pylon  
  110  7:28  Probe  
  110  7:29  Gateway  
  110  7:31  Blink (Chrono Boost)  
  110  7:36  Gateway  
  109  7:39  Gateway  
  109  7:42  Gateway  
  109  7:43  Nexus  
  109  7:46  Probe x2, Pylon  
  109  7:49  Stalker x3  
  109  7:50  Stalker  
  119  7:53  Robotics Facility  
  119  7:59  Probe  
  119  8:00  Probe  
  121  8:12  Pylon  
  121  8:15  Stalker x4, Gateway  
  121  8:16  Gateway  
  121  8:18  Probe x2  
  121  8:19  Probe  
  132  8:22  Pylon  
  132  8:34  Stalker x3  
  138  8:44  Stalker x4  
  138  8:47  Observer  
  147  8:48  Pylon  
  147  9:02  Probe x2  
  149  9:03  Stalker x4  
  149  9:05  Protoss Ground Armor Level 2  
  149  9:06  Protoss Ground Weapons Level 2  
  159  9:16  Assimilator  
  160  9:17  Assimilator  
  160  9:19  Stalker x2  
  160  9:20  Stalker x2  
  165  9:35  Templar Archives  
  165  9:37  Fleet Beacon  
  165  9:38  Mothership  
  165  9:40  Pylon  
  165  10:01  Stalker x9  
  181  10:20  Psionic Storm  
  181  10:21  Photon Cannon  
  179  10:24  Photon Cannon  
  179  10:25  Photon Cannon  
  185  10:39  High Templar  
  185  10:40  High Templar x2  
  191  10:49  Photon Cannon  
  191  10:51  Photon Cannon  
  183  10:59  Carrier x2 (Chrono Boost)  
  179  11:13  Carrier (Chrono Boost)  
  185  11:19  Protoss Ground Weapons Level 3  
  185  11:21  Zealot x5  
  195  11:30  Probe x3  
  195  11:31  Protoss Ground Armor Level 3  
  189  11:33  Pylon  
  189  11:35  Charge (Chrono Boost)  
  187  11:42  Photon Cannon  
  187  11:44  Photon Cannon  
  187  11:48  Protoss Air Weapons Level 1  
  184  12:05  Zealot x2  
  184  12:06  Zealot  
  190  12:18  Cybernetics Core  
  190  12:25  Carrier (Chrono Boost)  
  190  12:29  Carrier (Chrono Boost)  
  198  12:37  Pylon  
  198  12:40  Nexus  
  182  12:48  Carrier (Chrono Boost)  
  188  12:57  High Templar x3  
  192  13:05  Photon Cannon  
  192  13:06  Photon Cannon  
  192  13:08  Photon Cannon  
  192  13:10  Photon Cannon x2  
  192  13:11  Photon Cannon  
  192  13:13  Photon Cannon  
  192  13:14  Photon Cannon  
  192  13:15  Photon Cannon  
  188  13:30  Photon Cannon  
  188  13:34  Assimilator  
  188  13:38  Assimilator  
  186  13:41  Pylon  
  186  13:46  Zealot, Probe x2  
  186  13:47  Protoss Air Weapons Level 2 (Chrono Boost)  
  172  13:48  Protoss Air Armor Level 1 (Chrono Boost)  
  172  13:50  Carrier  
  172  13:51  Graviton Catapult  
  172  13:53  Sentry  
  172  13:55  Probe  
  180  13:56  Probe x2  
  183  14:11  Immortal  
  183  14:14  Protoss Shields Level 1  
  183  14:15  Robotics Facility  
  187  14:23  High Templar x5  
  197  14:24  High Templar  
  197  14:29  Archon x2  
  190  14:31  Probe x2  
  190  14:32  Probe x2  
  190  14:36  Pylon  
  190  14:37  Probe  
  195  14:43  Probe  
  194  14:48  Carrier x2  
  194  14:51  Photon Cannon, Probe x2  
  196  15:14  Stargate  
  196  15:16  Stargate  
  196  15:21  Archon  
  184  15:57  Protoss Air Weapons Level 3 (Chrono Boost), Protoss Air Armor Level 2 (Chrono Boost)  
  173  16:08  Pylon  
  168  16:12  Void Ray x2  
  168  16:14  Probe  
  168  16:15  Probe x2  
  168  16:16  Probe x2  
  168  16:17  Void Ray  
  168  16:18  Void Ray x2  
  193  16:26  Nexus  
  193  16:27  Photon Cannon  
  193  16:29  Photon Cannon x2  
  193  16:30  Photon Cannon  
  193  16:39  Photon Cannon  
  193  16:41  Photon Cannon, Pylon  
  193  17:01  Probe  
  193  17:04  Pylon  
  193  17:10  Photon Cannon  
  193  17:11  Photon Cannon, Probe  
  193  17:13  Photon Cannon x2  
  194  17:16  Photon Cannon  
  194  17:18  Photon Cannon  
  194  17:35  Dark Shrine  
  194  17:37  Pylon  
  194  17:42  Assimilator  
  194  17:44  Assimilator  
  194  17:51  Photon Cannon x2  
  193  17:55  Assimilator  
  193  18:08  Protoss Shields Level 2  
  193  18:11  Protoss Air Armor Level 3 (Chrono Boost)  
  190  18:33  Photon Cannon  
  181  18:35  Photon Cannon  
  181  18:36  Photon Cannon, Immortal x2, Probe  
  181  18:37  Photon Cannon  
  181  18:39  Photon Cannon  
  181  18:40  High Templar  
  181  18:41  High Templar, Probe x2  
  193  18:43  Probe  
  193  18:46  Probe  
  193  18:47  Probe  
  193  18:48  Probe  
  199  19:19  Pylon  
  199  19:29  High Templar x3  
  197  19:39  High Templar x2  
  200  19:46  Archon  
  200  19:47  Archon  
  200  19:59  Probe  
  187  20:00  Probe x2  
  187  20:01  High Templar, Probe  
  187  20:05  Archon  
  193  20:08  High Templar x2, Zealot  
  193  20:13  Archon  
  199  20:25  Probe  
  199  20:26  Probe x2  
  199  20:27  Probe x2  
  196  20:30  Probe  
  196  20:35  Probe  
  197  20:39  Probe x2  
  200  20:53  Carrier, Probe  
  200  20:55  Probe  
  200  20:56  Probe x2  
  200  20:58  Nexus  
  197  21:18  Pylon  
  197  21:31  Pylon  
  197  21:39  Photon Cannon  
  197  21:40  Photon Cannon  
  173  22:04  High Templar  
  173  22:05  High Templar x9  
  191  22:23  Archon  
  191  22:24  Archon x3  
  191  22:26  Archon  
  191  22:39  Zealot x4  
  199  22:50  Observer  
  200  22:54  Photon Cannon  
  200  22:57  Nexus  
  200  23:01  Dark Templar  
  200  23:05  Probe  
  199  23:07  Probe x2  
  196  23:15  Probe  
  196  23:16  Probe x3  
  200  23:23  Protoss Shields Level 3  
  200  23:59  Oracle  
  195  24:06  Zealot  
  191  24:16  Zealot x7  
  191  24:39  High Templar x4  
  191  24:44  Archon  
  197  24:46  Dark Templar  
  193  24:53  Dark Templar x3  
  189  25:03  Probe  
  180  25:09  Mothership  
  179  25:17  Archon, Probe  
  180  25:25  Mothership Core  
  172  25:29  Carrier  
  172  25:30  Carrier, Void Ray  
  172  25:35  Dark Templar  
  180  25:41  Carrier x2  
  188  25:48  Archon  
  188  25:56  Zealot x3  
  199  26:09  Nexus  
  199  26:11  Pylon  
  199  26:16  Pylon  
  193  26:34  Zealot x3  
  193  26:35  Zealot x2, Photon Cannon  
  193  26:37  Photon Cannon  
  193  26:38  Photon Cannon  
  193  26:39  Photon Cannon  
  199  26:41  Photon Cannon  
  199  26:48  Assimilator  
  199  26:51  Assimilator  
  199  27:13  Zealot, Dark Templar x3  
  193  27:21  Nexus, Pylon  
  193  27:23  High Templar x2  
  193  27:24  Dark Templar  
  193  27:29  Archon x2, Pylon  
  199  27:30  Archon  
  197  28:14  Zealot x7  
  199  29:15  Assimilator  
  199  29:18  Assimilator  
  199  29:19  Photon Cannon  
  199  29:23  Photon Cannon  
  199  29:24  Stargate  
  193  29:25  Dark Templar, Stargate  
  193  29:26  Dark Templar x3  
  193  29:28  Stargate  
  196  29:31  Stargate  
  196  29:33  Stargate  
  182  29:45  High Templar  
  182  29:46  High Templar  
  182  29:48  High Templar x2  
  188  29:53  Probe x2  
  188  29:55  Probe x3  
  188  29:58  Probe  
  194  30:07  Photon Cannon  
  194  30:10  Photon Cannon  
  194  30:12  Photon Cannon  
  194  30:13  Photon Cannon  
  194  30:16  Photon Cannon x2  
  194  30:17  Photon Cannon  
  181  31:24  Nexus  
  181  31:29  Archon  
  181  31:30  Archon  
  179  31:59  Oracle  
  182  32:05  Zealot x9  
  188  32:58  Zealot x10  
  200  33:05  Nexus  
  200  33:07  Pylon  
  196  33:24  Pylon  
  176  33:50  Photon Cannon  
  176  33:52  Photon Cannon  
  176  33:53  Photon Cannon  
  176  33:55  Photon Cannon  
  176  33:56  Photon Cannon  
  176  33:57  Photon Cannon, Zealot x5  
  176  33:58  Zealot x4  
  176  33:59  Photon Cannon  
  176  34:00  Photon Cannon  
  192  34:03  Assimilator  
  192  34:05  Assimilator  
  192  34:23  High Templar x4  
  177  34:56  High Templar  
  177  34:57  High Templar x7  
  177  34:58  Immortal (Chrono Boost)  
  197  35:00  Archon  
  197  35:02  Immortal (Chrono Boost)  
  200  35:16  Archon x2  
  200  35:18  Archon  
  188  36:07  Zealot x4  
  188  36:08  Zealot x4  
  175  37:19  Tempest x4  
  167  37:25  Tempest  
  197  37:30  Dark Templar  
  199  39:15  Photon Cannon  
  199  39:16  Photon Cannon  
  199  39:17  Photon Cannon  
  199  39:18  Photon Cannon  
  199  39:19  Photon Cannon  
  199  39:20  Photon Cannon  
  199  39:24  Photon Cannon  
  199  39:25  Photon Cannon  
  197  39:55  Oracle  
  190  42:05  Tempest  
  190  42:06  Tempest, High Templar  
  190  42:07  High Templar x3, Void Ray  
  178  42:13  Void Ray  
  198  42:33  High Templar  
  184  43:51  Void Ray x3  
  188  44:25  Carrier x3  
  197  44:42  High Templar x2  
  197  44:43  High Templar  
  197  44:49  Void Ray  
  197  44:50  Void Ray  
  197  45:16  Void Ray  
  198  48:40  Dark Templar  
  198  49:40  High Templar  
  166  50:56  Zealot x8  
  166  50:57  Zealot  
  184  51:25  Void Ray x4  
  182  51:31  Void Ray  
  194  51:54  Zealot x3  
  196  52:09  High Templar x2  
  148  52:50  Zealot x2  
  148  52:51  Zealot x7  
Tags
 
Add a new tag
Caveats
  • Supply blocks, unpowered buildings, or Contaminate may cause inaccurate times.
  • Supply counts are checked every 10 seconds.